 Dungeon Crawl Stone Soup version 0.22-a0-162-g33bf127 (webtiles) character file.

102 sunny1234 the Sneak (level 4, 18/18 HPs)
             Began as a Felid Venom Mage on Feb 13, 2018.
             Quit the game on level 2 of the Dungeon.
             The game lasted 00:06:12 (1886 turns).

sunny1234 the Sneak (Felid Venom Mage)              Turns: 1886, Time: 00:06:13

Health: 18/18      AC:  1    Str:  4    XL:     4   Next: 49%
Magic:  8/8        EV: 19    Int: 17    God:
Gold:   82         SH:  0    Dex: 16    Spells: 5/8 levels left
                                        Lives:  1   Deaths: 0

rFire    . . .     SeeInvis +   (weapon unavailable)
rCold    . . .     Gourm    .   (shield unavailable)
rNeg     . . .     Faith    .   (armour unavailable)
rPois    .         Spirit   .   (helmet unavailable)
rElec    .         Reflect  .   (cloak unavailable)
rCorr    .         Harm     .   (gloves unavailable)
MR       .....                  (boots unavailable)
Stlth    +++.......             (no amulet)
HPRegen  0.06/turn              (no ring)
MPRegen  0.11/turn              (no ring)

@: quick
A: very small, no armour, no weapons or thrown items, stealth, claws 1, fangs 3,
see invisible, carnivore, speed 1, shaggy fur 1, slow metabolism 1, sharp paws
a: no special abilities


You were on level 2 of the Dungeon.
You were completely stuffed.

You visited 1 branch of the dungeon, and saw 2 of its levels.

You collected 82 gold pieces.

Inventory:

Scrolls
 d - a scroll of noise {unknown}
 f - a scroll of blinking {unknown}
 h - a scroll of remove curse {unknown}
 j - 2 scrolls of enchant weapon {unknown}
 k - 2 scrolls of magic mapping {unknown}
 l - a scroll of teleportation {unknown}
 m - a scroll of enchant armour {unknown}
 o - 2 scrolls of identify {unknown}
Potions
 c - a potion of lignification {unknown}
 e - 2 potions of flight {unknown}
 g - 2 potions of curing {unknown}
 i - a potion of mutation {unknown}
 n - a potion of invisibility {unknown}
 q - a potion of heal wounds {unknown}
Books
 a - a Young Poisoner's Handbook

   Spells                             Type                      Level
   a - Sting                          Conjuration/Poison           1
   b - Poisonous Vapours              Poison/Air                   2
   c - Mephitic Cloud                 Conjuration/Poison/Air       3
   d - Olgreb's Toxic Radiance        Poison                       4
   e - Venom Bolt                     Conjuration/Poison           5
Comestibles
 b - 6 rations
 p - 3 chunks of flesh


   Skills:
 + Level 3.6 Dodging
 + Level 3.8 Stealth
 + Level 2.5 Spellcasting
 + Level 1.7 Conjurations
 + Level 3.4 Poison Magic


You had 5 spell levels left.
You knew the following spells:

 Your Spells              Type           Power        Failure   Level  Hunger
a - Sting                 Conj/Pois      ##..         6%          1    #......
b - Poisonous Vapours     Pois/Air       #.....       14%         2    ##.....


Dungeon Overview and Level Annotations

Branches:
Dungeon (2/15)

Altars:


Innate Abilities, Weirdness & Mutations

You cannot wear armour.
You are incapable of wielding weapons or throwing items.
Your paws allow you to move quietly. (Stealth)
You have sharp claws.
You have razor-sharp teeth.
You have supernaturally acute eyesight. (SInv)
You are carnivorous and can eat meat at any time.
You cover ground quickly.
You are covered in fur. (AC +1)
You have a slow metabolism.
Your sharp claws are effective at attacking unaware monsters.


Message History

The sting hits the giant cockroach.
The giant cockroach is poisoned.
The giant cockroach is severely wounded.
You kill the giant cockroach!
You see here a giant cockroach corpse.
Done exploring.
Casting: Sting (safe; 6% risk of failure)
Confirm with . or Enter, or press ? or * to list all spells.
You don't know that spell.
Casting: Sting (safe; 6% risk of failure)
Confirm with . or Enter, or press ? or * to list all spells.
You don't know that spell.
Casting: Sting (safe; 6% risk of failure)
Confirm with . or Enter, or press ? or * to list all spells.
Okay, then.
Unknown command.
Unknown command.
Casting: Sting (safe; 6% risk of failure)
Confirm with . or Enter, or press ? or * to list all spells.
You can't see any susceptible monsters within range! (Use Z to cast anyway.) Are you sure you want to abandon this character and quit the game? (Confirm with "yes".)

### ### #######.######.#
...............#########
.######.######..@......# .#
#.######.#########
.######..........#
.#........####.#.##############
.#............................#
...........###.#.#########.####
.#.####..#.# #.#.# #.#
.#.####..#.# #.#.# #.#
.........#.###.#.#########†#


There were no monsters in sight!

Vanquished Creatures
  A worker ant (D:2)
  2 adders (D:2)
  2 dart slugs
  2 leopard geckos
  6 bats (D:1)
  4 giant cockroaches (D:2)
  9 goblins
  3 hobgoblins (D:1)
  3 jackals (D:2)
  12 kobolds
  2 frilled lizards
  2 rats
48 creatures vanquished.

Notes
Turn   | Place    | Note
-------+----------+-------------------------------------------
     0 | D:1      | sunny1234 the Felid Venom Mage began the quest for the Orb.
     0 | D:1      | Reached XP level 1. HP: 7/7 MP: 4/4
    84 | D:1      | Reached skill level 1 in Conjurations
   105 | D:1      | Reached XP level 2. HP: 10/11 MP: 3/6
   685 | D:1      | Reached XP level 3. HP: 14/14 MP: 2/7
   859 | D:2      | Learned a level 2 spell: Poisonous Vapours
  1150 | D:2      | Reached XP level 4. HP: 18/18 MP: 4/8
  1886 | D:2      | Quit the game

Vault maps used:
D:1:      dpeg_arrival_short_road, lexackson_kobold_supper

Skill      XL: |  1  2 |
---------------+-------+-----
Poison Magic   | 3 |  3.4
Conjurations   | 1 |  1.7
Stealth        | 3 |  3.8
Dodging        | 3 |  3.6
Spellcasting   | |  2.5

Action                   |  1- 3 |  4- 6 || total
-------------------------+-------+-------++-------
Melee: Unarmed           |    19 |     4 ||    23
 Cast: Sting             |    45 |     2 ||    47
       Poisonous Vapours |     9 |    15 ||    24
  Eat: Chunk             |     8 |     3 ||    11
Armor: Skin              |     2 |       ||     2
Dodge: Dodged            |    47 |     4 ||    51

Table legend:
 A = Spawn XP
 B = Non-spawn XP
 C = Spawn XP percentage of total XP
 D = Spawn monster count
 E = Non-spawn monster count
 F = Spawn count percentage of total count
 G = Total turns spent on level
                    A         B        C        D         E        F      G
               +---------+---------+-------+---------+---------+-------+---------
         Total |       0 |     146 |   0.0 |       0 |      48 |   0.0 |  1886
               +---------+---------+-------+---------+---------+-------+---------
           D:1 |       0 |      44 |   0.0 |       0 |      23 |   0.0 |   808
           D:2 |       0 |     102 |   0.0 |       0 |      25 |   0.0 |  1078
               +---------+---------+-------+---------+---------+-------+---------
